 Dungeon Crawl Stone Soup version 0.30-a0-371-gad7725a93e (webtiles) character file.

Game seed: 4565910927435018338

652330 DEFE the Phalangite (level 27, -24/233 HPs)
             Began as a Demonspawn Fighter on Nov 20, 2022.
             Was an Elder of Okawaru.
             Killed from afar by a hellion (38 damage)
             ... with damnation
             ... on level 10 of a ziggurat on Nov 22, 2022.
             The game lasted 01:44:49 (59385 turns).

DEFE the Phalangite (Demonspawn Fighter)           Turns: 59385, Time: 01:44:50

Health: -24/233    AC: 52    Str: 36    XL:     27
Magic:  43/43      EV: 12    Int: 12    God:    Okawaru [****..]
Gold:   7364       SH:  8    Dex: 14    Spells: 48/58 levels left

rFire   + + +      SeeInvis +    L - +5 glaive of the Guard {elec, spectral, AC+5}
rCold   + + .      Faith    .    (shield currently unavailable)
rNeg    + . .      Spirit   .    i - +9 gold dragon scales
rPois   +          Reflect  .    y - +2 helmet of Emodin {rF++ Str-2 SInv Stlth+}
rElec   +          Harm     .    g - +2 cloak {rCorr}
rCorr   +          Rampage  .    R - +1 pair of gloves
Will    +++..                    (boots unavailable)
Stlth   ..........               b - amulet of Vitality {RegenMP++ Regen++}
HPRegen 2.18/turn                d - ring of Oxuredghen {Drain rElec Will+ Str+8}
MPRegen 1.08/turn                T - ring of Zewoqex {rC+ rN+ Str+5}

@: heroic, finesse-ful, studying 4 skills
A: hooves 3, large bone plates 3, ignite blood 3, spiny 3, black mark,
bedeviling, aura of silence, weak 1
}: 3/15 runes: serpentine, barnacled, silver
a: Renounce Religion, Heroism, Finesse


You were on level 10 of a ziggurat.
You worshipped Okawaru.
Okawaru was greatly pleased with you.
You visited 11 branches of the dungeon, and saw 51 of its levels.
You visited 1 ziggurat, and saw 10 of its levels.
You also visited: Trove and Ice Cave.

You collected 12200 gold pieces.
You spent 4836 gold pieces at shops.

Inventory:

Hand Weapons
 k - a +9 vorpal bardiche
 L - the +5 glaive of the Guard (weapon) {elec, spectral, AC+5}
   (You bought it in a shop on level 2 of the Orcish Mines)

   It occasionally discharges a powerful burst of electricity upon striking a
   foe.
   When it strikes, its spirit leaps out and fights alongside the wielder.
   AC:        It affects your AC (+5).
Missiles
 x - 16 silver javelins
 P - 7 throwing nets
Armour
 g - a +2 cloak of preservation (worn)
 i - +9 gold dragon scales (worn)
 w - the +8 orange crystal plate armour {Archmagi, Int+3 Clar}
   (You found it on level 3 of the Depths)

   Int:       It affects your intelligence (+3).
   Clar:      It protects you against confusion.
 y - the +2 helmet of Emodin (worn) {rF++ Str-2 SInv Stlth+}
   (You found it on level 14 of the Dungeon)

   Str:       It affects your strength (-2).
   rF:        It greatly protects you from fire.
   SInv:      It lets you see invisible.
   Stlth:     It makes you more stealthy.
 E - a scarf of resistance
 R - a +1 pair of gloves (worn)
 X - the +0 mask of the Dragon {Will+ Slay+3 SInv}
   (You found it on level 1 of the Elven Halls)

   Slay:      It affects your accuracy & damage with ranged weapons and melee
   (+3).
   SInv:      It lets you see invisible.
   Will:      It increases your willpower.
Jewellery
 b - the amulet of Vitality (around neck) {RegenMP++ Regen++}
   (You took it off a mummy priest on level 2 of the Depths)

   [amulet of magic regeneration]

   It increases your rate of magic regeneration.
   Regen:     It increases your rate of health regeneration.
 d - the ring of Oxuredghen (left hand) {Drain rElec Will+ Str+8}
   (You took it off a skeletal warrior on level 14 of the Dungeon)

   [ring of willpower]

   Str:       It affects your strength (+8).
   rElec:     It insulates you from electricity.
   Drain:     It drains your maximum health when unequipped.
   Will:      It increases your willpower.
 e - the ring "Luseot" {rCorr MP+9 Str+7}
   (You found it on level 7 of a ziggurat)

   [ring of resist corrosion]

   Str:       It affects your strength (+7).
   MP:        It affects your magic capacity (+9).
   rCorr:     It protects you from acid and corrosion.
 q - a ring of flight
 s - the ring "Boona" {rElec rPois rC+ rN+}
   (You found it on level 3 of the Dungeon)

   [ring of positive energy]

   rC:        It protects you from cold.
   rElec:     It insulates you from electricity.
   rPois:     It protects you from poison.
   rN:        It protects you from negative energy.
 u - a +4 ring of slaying
 N - a +6 ring of intelligence
 Q - the ring "Mefierik" {Contam Fly rF+ rCorr Dex+8}
   (You found it on level 1 of the Shoals)

   [ring of protection from fire]

   Dex:       It affects your dexterity (+8).
   rF:        It protects you from fire.
   Fly:       It grants you flight.
   Contam:    It causes magical contamination when unequipped.
   rCorr:     It protects you from acid and corrosion.
 T - the ring of Zewoqex (right hand) {rC+ rN+ Str+5}
   (You found it on level 3 of the Crypt)

   [ring of positive energy]

   Str:       It affects your strength (+5).
   rC:        It protects you from cold.
   rN:        It protects you from negative energy.
 Y - the ring of Ybupt {rC+ EV+4 Str+5}
   (You found it in an ice cave)

   [ring of evasion]

   EV:        It affects your evasion (+4).
   Str:       It affects your strength (+5).
   rC:        It protects you from cold.
Wands
 o - a wand of polymorph (4)
 p - a wand of acid (19)
 z - a wand of iceblast (45)
 U - a wand of mindburst (6)
 Z - a wand of digging (13)
Scrolls
 f - 9 scrolls of blinking
 h - 7 scrolls of enchant weapon
 l - 14 scrolls of fear
 m - 14 scrolls of teleportation
 t - 15 scrolls of vulnerability
 B - 6 scrolls of amnesia
 H - a scroll of silence
 I - 12 scrolls of immolation
 W - 8 scrolls of magic mapping
Potions
 a - 22 potions of heal wounds
 c - 10 potions of resistance
 j - 12 potions of lignification
 n - 3 potions of cancellation
 r - 36 potions of curing
 v - 13 potions of flight
 A - 10 potions of mutation
 C - 8 potions of invisibility
 D - 15 potions of might
 F - 10 potions of attraction
 G - 8 potions of ambrosia
 K - 10 potions of brilliance
 M - 3 potions of magic
 O - 13 potions of haste
 V - 7 potions of berserk rage
Miscellaneous
 S - a phial of floods


   Skills:
 - Level 22.6(27) Fighting
 - Level 23.3(27) Polearms
 - Level 22.0(27) Armour
 - Level 4.2(9.2) Dodging
 - Level 2.6(7.6) Shields
 - Level 16.0 Spellcasting
 + Level 14.4 Necromancy
 - Level 6.8 Translocations
 + Level 18.0 Transmutations
 - Level 16.0 Invocations


You had 48 spell levels left.
You knew the following spells:

 Your Spells              Type           Power      Damage    Failure   Level
a - Wereblood             Tmut           52%        N/A       1%          2
b - Necromutation         Tmut/Necr      24%        N/A       92%         8

Your spell library contained the following spells:

 Spells                   Type           Power      Damage    Failure   Level
 Beastly Appendage        Tmut           100%       N/A       0%          1
 Apportation              Tloc           50%        N/A       1%          1
 Necrotise                Necr           100%       1d9       1%          1
 Passwall                 Tmut/Erth      25%        N/A       1%          2
 Sublimation of Blood     Necr           44%        N/A       1%          2
 Spider Form              Tmut/Pois      31%        N/A       1%          3
 Vampiric Draining        Necr           44%        2d9       1%          3
 Dispel Undead            Necr           44%        3d17      1%          4
 Agony                    Necr           44%        N/A       1%          5
 Blade Hands              Tmut           26%        N/A       1%          5
 Gell's Gravitas          Tloc           25%        N/A       4%          3
 Lesser Beckoning         Tloc           50%        N/A       4%          3
 Teleport Other           Tloc           25%        N/A       4%          3
 Cigotuvi's Dreadful Rot  Necr/Pois/Air  42%        N/A       5%          2
 Ice Form                 Ice/Tmut       31%        N/A       6%          4
 Petrify                  Tmut/Erth      31%        N/A       6%          4
 Ignite Poison            Fire/Tmut/Pois 24%        N/A       7%          3
 Anguish                  Hex/Necr       20%        N/A       14%         4
 Dragon Form              Tmut           26%        N/A       14%         7
 Manifold Assault         Tloc           25%        N/A       16%         4
 Passage of Golubria      Tloc           25%        N/A       16%         4
 Alistair's Intoxication  Tmut/Pois      20%        N/A       19%         5
 Irradiate                Conj/Tmut      15%        3d16      19%         5
 Vhi's Electric Charge    Tloc/Air       34%        N/A       21%         3
 Magic Dart               Conj           36%        1d4       26%         1
 Shock                    Conj/Air       36%        1d5       26%         1
 Kindle Blastsparks       Fire/Tloc/Air  30%        2d12      30%         3
 Ensorcelled Hibernation  Hex/Ice        28%        N/A       36%         2
 Searing Ray              Conj           18%        2d5       36%         2
 Static Discharge         Conj/Air       18%        2-3/arc   36%         2
 Dazzling Flash           Conj/Hex       28%        N/A       61%         3
 Hailstorm                Conj/Ice       9%         3d4       61%         3
 Ozocubu's Armour         Ice            9%         N/A       61%         3
 Stone Arrow              Conj/Erth      18%        3d8       61%         3
 Swiftness                Air            9%         N/A       61%         3
 Eringya's Noxious Bog    Tmut/Pois      15%        N/A       69%         6
 Statue Form              Tmut/Erth      20%        N/A       69%         6
 Dispersal                Tloc           12%        N/A       94%         6
 Airstrike                Air            4%         2d(1-17)  95%         4
 Fulminant Prism          Conj/Hex       7%         3d7       95%         4
 Sticky Flame             Conj/Fire      9%         2d3       95%         4
 Storm Form               Tmut/Air       15%        N/A       99%         7
 Borgnjor's Revivificati  Necr           22%        N/A       99%         8
 Arcjolt                  Conj/Air       4%         1d14      100%        5
 Freezing Cloud           Conj/Ice/Air   4%         6-21      100%        5
 Lightning Bolt           Conj/Air       4%         1d16      100%        5
 Metabolic Englaciation   Hex/Ice        7%         N/A       100%        5
 Silence                  Hex/Air        7%         N/A       100%        5
 Enfeeble                 Hex            7%         N/A       100%        7
 Ignition                 Fire           4%         3d4       100%        8
 Lehudib's Crystal Spear  Conj/Erth      4%         10d3      100%        8
 Maxwell's Capacitive Co  Air            4%         ∞         100%        8
 Animate Dead             Necr           Unusable   N/A       N/A         4
 Death Channel            Necr           Unusable   N/A       N/A         6
 Summon Guardian Golem    Hex/Summ       Unusable   N/A       N/A         3
 Summon Forest            Summ/Tloc      Unusable   N/A       N/A         5
 Simulacrum               Ice/Necr       Unusable   N/A       N/A         6
 Animate Armour           Summ/Erth      Unusable   N/A       N/A         4
 Summon Lightning Spire   Summ/Air       Unusable   N/A       N/A         4
 Infestation              Necr           Unusable   N/A       N/A         8
 Monstrous Menagerie      Summ           Unusable   N/A       N/A         7
 Summon Hydra             Summ           Unusable   N/A       N/A         7

Dungeon Overview and Level Annotations

Branches:
Dungeon (15/15)            Temple (1/1) D:4            Lair (5/5) D:10
 Shoals (4/4) Lair:3        Snake (4/4) Lair:3        Slime (0/5) Lair:5
    Orc (2/2) D:9             Elf (3/3) Orc:2        Vaults (5/5) D:13
  Crypt (3/3) Vaults:2       Tomb (0/3) Crypt:3      Depths (4/4) D:15
    Zot (5/5) Depths:4      IceCv (visited)

Altars:
Ashenzari
Cheibriados
Dithmenos
Fedhas
Gozag
Hepliaklqana
Kikubaaqudgha
Makhleb
Nemelex Xobeh
Okawaru
Qazlal
Ru
Sif Muna
Trog
Uskayaw
Vehumet
Wu Jian
Xom
Yredelemnul
Jiyva

Shops:
D:5 =   D:8 [(*   D:10 [   D:13 ((*   D:15 *   Orc:1 =   Orc:2 =*[(   Elf:3 :
Shoals:1 [   Snake:1 !   Snake:2 *   Snake:3 *   Vaults:1 =[*[   Vaults:3 *
Depths:1 ?   Depths:2 **?

Portals:
Hell: Depths:1 Depths:2 Depths:3 Depths:4
Abyss: Depths:3 Depths:4
Pandemonium: Depths:2 Depths:3

Annotations:
D:2 Sigmund
Lair:4 Nessos
Lair:5 4 runed translucent doors, Stonecrops's ghost, journeyman DsGl


Innate Abilities, Weirdness & Mutations

You have hooves in place of feet.
You are completely covered in large bone plates. (SH +8)
Your demonic aura causes all spilled blood to erupt in flames.
You are completely covered in sharp spines.
Your melee attacks may debilitate your foes.
Your hexes are more powerful.
You are surrounded by an aura of silence.
You are weak. (Str -2)


Message History

The shard shrike convulses!
Your body is wracked with pain!
You take 92 damage, and have 118/233 hp.
MASSIVE DAMAGE!!
Unknown command.
You regained 3 hp, and now have 121/233 hp.
Unknown command.
Unknown command.
Unknown command.
Found a ring of willpower and a scroll of enchant weapon.
Found a stone staircase leading down.
The shard shrike is struck by your spines.
The shard shrike claws you but does no damage.
A storm dragon simulacrum comes into view.
The Ice Fiend calls on the powers of darkness!
Your body is wracked with pain!
* * * LOW HITPOINT WARNING * * *
The shard shrike convulses!
The hellion gestures at you.
The sphere of damnation explodes!
The damnation engulfs you!!!
* * * LOW HITPOINT WARNING * * *
You take 90 damage, and have 31/233 hp.
MASSIVE DAMAGE!!
Blink to where?
An Ice Fiend comes into view.
Found nine items.
Found two gates leading back out of this place.
As you read the scroll of blinking, it crumbles to dust.
The Ice Fiend calls on the powers of darkness!
Your body is wracked with pain!
* * * LOW HITPOINT WARNING * * *
The Ice Fiend calls on the powers of darkness!
The shard shrike convulses!
Your body is wracked with pain!
* * * LOW HITPOINT WARNING * * *
You take 19 damage, and have 12/233 hp.
Unknown command.
The hellion gestures at you.
The sphere of damnation explodes!
The damnation engulfs you!!!
You die...

.. .. ... ....
▓▓▓▓▓▓... .....▓▓▓
▓.................
▓[................
▓"|?..............
▓∩[:..............
▓@==Z.1...........
▓∩2)9.............
▓$|Z12............
▓..R2.............
▓..1..1...........
▓▓▓▓▓▓b........▓▓▓
▓.........▓
▓.§.......▓
▓....b....▓


You could see a shard shrike, 4 Ice Fiends, a wendigo, a nargun, 3 hellions, a
storm dragon simulacrum and a caustic shrike simulacrum.

Vanquished Creatures
  2 dread liches
  An orb of fire (Zot:4)
  An ancient lich (Vaults:5)
  3 juggernauts (Zig:8)
  The ghost of Osuen the Merfolkian Porcupine, a master MfGl of Fedhas (Depths:2)
  Mennas (Crypt:1)
  Sojobo (Depths:4)
  The ghost of Iryommi the Sniper, a legendary KoDe of Makhleb (Zot:4)
  4 royal mummies (Depths:2)
  Boris (Crypt:3)
  Vv (Depths:2)
  Margery (Depths:4)
  Vashnia (Snake:3)
  Frederick (Depths:4)
  2 curse toes (Crypt:3)
  9 golden dragons
  5 caustic shrikes (Depths:4)
  Jory (Vaults:5)
  A shard shrike zombie (Crypt:2)
  The ghost of Bisiv the Eclecticist, an adept DjCj of Makhleb (Depths:2)
  Mlioglotl (Snake:1)
  15 tentacled monstrosities
  2 electric golems
  2 walking crystal tomes (Depths:4)
  A walking earthen tome (Depths:4)
  Jorgrun (Shoals:2)
  A quicksilver dragon (shapeshifter) (D:14)
  A shard shrike skeleton (Crypt:3)
  2 deep elf master archers (Elf:3)
  5 Orb Guardians (Zot:5)
  A deep elf blademaster (Elf:3)
  Polyphemus (Shoals:2)
  2 walking divine tomes (Depths:4)
  10 liches
  8 titans
  2 walking frostbound tomes (Depths:4)
  9 sphinxes
  A kraken (Shoals:1)
  8 quicksilver dragons
  12 ancient champions
  The ghost of Soborki the Peltast, an adept MiBe of Trog (Shoals:1)
  9 death cobs
  17 storm dragons
  6 shadow dragons
  A revenant (Crypt:2)
  9 tengu reavers
  4 draconian monks
  10 nagarajas (Snake:4)
  Ilsuiw (Shoals:3)
  10 fire giants
  6 deep elf sorcerers
  15 frost giants
  Aizul (Snake:1)
  9 draconian scorchers
  A juggernaut zombie (Crypt:1)
  11 draconian knights
  6 draconian shifters
  A balrug (Depths:3)
  2 iron dragons (Depths:4)
  16 vault wardens
  4 orc warlords
  2 curse skulls
  Louise (Depths:3)
  4 deep elf elementalists (Elf:3)
  4 spriggan defenders
  4 ghost moths
  A caustic shrike skeleton (Depths:3)
  11 ghouls
  8 draconian annihilators
  15 very ugly things
  4 draconian stormcallers
  3 war gargoyles (Vaults:5)
  24 ironbound preservers
  A quicksilver ooze (shapeshifter) (Depths:3)
  An eleionoma (Zig:9)
  8 vampire knights
  9 black draconians
  8 deep elf demonologists
  20 stone giants
  10 green draconians
  5 ironbound thunderhulks
  9 yellow draconians
  11 deep elf annihilators
  13 red draconians
  14 white draconians
  8 dire elephants
  A bunyip (Zig:5)
  2 minotaurs (Shoals:4)
  7 spark wasps
  14 purple draconians
  4 eidola
  16 ettins
  9 deep elf death magi
  3 mummy priests (Depths:2)
  A quicksilver dragon zombie (Depths:2)
  3 merfolk impalers
  3 merfolk javelineers
  6 great orbs of eyes
  5 deep elf high priests
  10 fire dragons
  Harold (D:10)
  A quicksilver dragon skeleton (Depths:3)
  An entropy weaver (shapeshifter) (Elf:2)
  13 yaktaur captains
  8 hydras
  A rakshasa (D:14)
  A spriggan zombie (Crypt:3)
  5 entropy weavers
  A fire dragon (shapeshifter) (Vaults:4)
  9 jiangshi
  An ice dragon (shapeshifter) (Vaults:3)
  A jorogumo (shapeshifter) (Vaults:5)
  An Orb Guardian zombie (Crypt:3)
  13 ice dragons
  A peacekeeper (Vaults:4)
  7 ironbound frosthearts
  3 alligator snapping turtles
  A juggernaut simulacrum (Crypt:3)
  A bennu zombie (Crypt:1)
  30 vault guards
  2 merfolk avatars
  9 anacondas
  6 catoblepae
  3 salamander tyrants
  2 centaur warriors
  A spriggan air mage (Depths:4)
  3 ogre magi
  9 boulder beetles
  Erica (D:8)
  34 dancing weapons
  12 satyrs
  28 death yaks
  2 merfolk aquamancers (Shoals:1)
  An alligator (Zig:9)
  11 deep troll shamans
  7 two-headed ogres
  A hell hog (Zig:3)
  A bennu skeleton (Crypt:3)
  2 death knights (Crypt:2)
  A tengu warrior (Depths:1)
  11 naga warriors
  2 orc high priests
  13 shock serpents
  11 deep troll earth magi
  9 vampire magi
  6 spriggan berserkers
  2 spriggans
  14 naga sharpshooters
  9 hell knights
  2 sun demons
  3 soul eaters
  29 deep elf knights
  5 iron trolls
  5 shadow wraiths
  10 salamander mystics
  24 skeletal warriors
  A golden dragon zombie (Depths:2)
  2 sea snakes (shapeshifter)
  6 flayed ghosts
  A death drake (Zig:9)
  A goliath frog (Zig:9)
  A steelbarb worm (Zig:2)
  88 deep trolls
  A spark wasp zombie (Depths:3)
  An orb spider (shapeshifter) (Depths:3)
  3 bog bodies
  A swamp dragon (Zig:9)
  10 naga ritualists
  16 sea snakes
  14 deep elf archers
  9 wizards
  5 glowing orange brains
  18 ironbound convokers
  10 phantasmal warriors
  42 deep elf pyromancers
  An obsidian statue (Depths:2)
  30 harpies
  An orange crystal statue (IceCv)
  13 lindwurms
  41 deep elf zephyrmancers
  A stone giant zombie (Crypt:1)
  5 necromancers
  43 ugly things
  A frost giant zombie (Depths:2)
  20 fauns
  8 mana vipers
  2 mana vipers (shapeshifter)
  6 orc sorcerers
  A wolf spider (shapeshifter) (Vaults:5)
  10 orc knights
  26 salamanders
  24 manticores
  18 moths of wrath
  A centaur zombie (D:15)
  A fire giant zombie (Depths:2)
  A faun (shapeshifter) (Depths:4)
  14 cyclopes
  A will-o-the-wisp (Zig:9)
  5 elephants
  An iron dragon skeleton (Crypt:3)
  7 water nymphs
  A fire giant skeleton (Depths:3)
  14 merfolk sirens
  4 guardian serpents
  67 black mambas
  22 naga magi
  A naga zombie (Crypt:3)
  3 storm dragon simulacra (IceCv)
  A torpor snail (shapeshifter) (Vaults:4)
  19 vault sentinels
  A water nymph (shapeshifter) (Depths:1)
  An eye of devastation (shapeshifter) (Depths:4)
  6 cane toads
  2 smoke demons
  Psyche (D:8)
  A kobold demonologist (D:12)
  3 centaur skeletons
  A hellion (Depths:2)
  9 komodo dragons
  8 rime drakes
  3 efreet
  An unseen horror (D:11)
  A freezing wraith (Crypt:3)
  8 tengu conjurers
  6 guardian mummies
  26 yaktaurs
  A tormentor (Zig:3)
  A minotaur skeleton (Crypt:3)
  A death yak skeleton (Crypt:1)
  A green draconian skeleton (Crypt:3)
  A bloated husk (Zig:9)
  7 golden dragon simulacra (IceCv)
  20 merfolk
  A tengu simulacrum (Depths:3)
  2 polar bears
  A black draconian skeleton (Crypt:1)
  4 trolls
  A troll (shapeshifter) (Zig:7)
  7 wind drakes
  2 hornets
  8 blink frogs
  A hydra skeleton (Crypt:1)
  A tyrant leech (Zig:9)
  A harpy skeleton (Crypt:3)
  41 slime creatures
  A slime creature (shapeshifter) (Depths:2)
  8 dream sheep
  2 dream sheep (shapeshifter) (Vaults:5)
  An ettin skeleton (Crypt:2)
  A fire giant simulacrum (Depths:2)
  A centaur simulacrum (D:15)
  3 jumping spiders
  11 snapping turtles
  3 vampires (Crypt:3)
  2 large abominations (Zig:5)
  2 shadows
  7 air elementals
  66 yaks
  A human (shapeshifter) (Elf:1)
  14 water elementals
  A wyvern (D:10)
  9 fire elementals
  Eustachio (D:5)
  6 basilisks
  A chaos spawn (Depths:3)
  A fire bat (shapeshifter) (Vaults:5)
  19 humans (D:13)
  7 wraiths
  4 redbacks
  7 vampire mosquitoes
  Grum (D:10)
  2 swamp worms (Lair:1)
  8 wargs
  A harpy simulacrum (D:15)
  48 nagas
  A floating eye (Depths:4)
  A fire bat skeleton (Crypt:3)
  11 water moccasins
  29 orc warriors
  3 sky beasts (D:7)
  A black mamba simulacrum (Crypt:3)
  8 wolves
  5 ice dragon simulacra (IceCv)
  6 starcursed masses (Zig:5)
  7 boggarts (Vaults:2)
  A torpor snail zombie (Crypt:1)
  7 ogres
  5 centaurs
  A hog skeleton (Crypt:2)
  2 phantoms
  3 kobold brigands
  A fire crab zombie (Crypt:2)
  5 necrophages
  A gnoll sergeant (D:9)
  13 bullfrogs
  A yaktaur skeleton (Crypt:1)
  5 earth elementals
  A scorpion (D:5)
  7 wights
  40 killer bees
  6 lindwurm simulacra (IceCv)
  A swamp dragon simulacrum (Crypt:3)
  8 howler monkeys
  A troll skeleton (Crypt:3)
  A raiju skeleton (Crypt:2)
  5 electric eels
  A jelly (D:7)
  4 hounds
  A gnoll bouda (D:6)
  12 orc priests
  2 iguanas (D:6)
  13 orc wizards
  6 hell rats
  A boggart skeleton (D:15)
  A deep dwarf zombie (Crypt:3)
  An acid dragon skeleton (Crypt:2)
  A mummy (Depths:2)
  Robin (D:4)
  8 gnolls
  8 adders
  A shadow imp (D:8)
  A white imp (D:6)
  An ufetubus (D:7)
  An iguana skeleton (Crypt:2)
  3 dart slugs (D:1)
  44 orcs
  4 endoplasms
  A giant cockroach (D:1)
  7 hobgoblins
  4 jackals (D:4)
  15 kobolds
  3 quokkas
  4 ball pythons
  2 bats
  4 frilled lizards (D:1)
  12 goblins
  A hobgoblin skeleton (Crypt:2)
  A quokka skeleton (Crypt:3)
  6 rats
  A tentacle (Shoals:1)
2363 creatures vanquished.

Vanquished Creatures (others)
  A deep elf blademaster (Elf:3)
  A storm dragon (Vaults:5)
  A fire giant (Depths:4)
  A frost giant (Depths:3)
  A catoblepas (Shoals:3)
  A tengu warrior (Depths:4)
  A deep elf archer (Elf:1)
  A water elemental (Depths:3)
  A naga (Snake:3)
  A bush (Lair:4)
  21 fungi
  139 plants
  7 tentacles
177 creatures vanquished.

Grand Total: 2540 creatures vanquished

Notes
Turn   | Place    | Note
-------+----------+-------------------------------------------
     0 | D:1      | DEFE the Demonspawn Fighter began the quest for the Orb.
     0 | D:1      | Reached XP level 1. HP: 18/18 MP: 1/1
    73 | D:1      | Reached skill level 2 in Polearms
   154 | D:1      | Gained mutation: You are partially covered in large bone
                  | plates. (SH +4) [demonic ancestry]
   154 | D:1      | Reached XP level 2. HP: 19/24 MP: 2/2
   229 | D:1      | Found a faded altar of an unknown god.
   389 | D:1      | Reached skill level 3 in Polearms
   580 | D:2      | Noticed Sigmund
   914 | D:2      | Gained mutation: You have large cloven feet. [demonic
                  | ancestry]
   914 | D:2      | Reached XP level 3. HP: 25/29 MP: 3/3
  1291 | D:3      | Identified the ring "Boona" {rElec rPois rC+ rN+}
  1320 | D:3      | Found a sparkling altar of Nemelex Xobeh.
  1450 | D:3      | Found an ornate altar of the Wu Jian Council.
  1538 | D:3      | Reached skill level 4 in Polearms
  1538 | D:3      | Gained mutation: You have hoof-like feet. [demonic
                  | ancestry]
  1538 | D:3      | Reached XP level 4. HP: 35/35 MP: 4/4
  1641 | D:4      | Noticed Robin
  1719 | D:4      | Found a staircase to the Ecumenical Temple.
  1725 | Temple   | Entered the Ecumenical Temple
  1834 | Temple   | Became a worshipper of Warmaster Okawaru
  1889 | D:3      | Reached XP level 5. HP: 23/41 MP: 5/5
  2133 | D:4      | Noticed an ogre
  2211 | D:4      | Identified the +11 sling "Yxzan" {freeze, rCorr Int-3 Dex+2
                  | SInv}
  2280 | D:4      | Killed an ogre
  2281 | D:4      | Reached skill level 5 in Polearms
  2335 | D:4      | Killed Robin
  2555 | D:5      | Entered Level 5 of the Dungeon
  2581 | D:5      | Reached skill level 6 in Polearms
  2581 | D:5      | Reached XP level 6. HP: 47/47 MP: 6/6
  2667 | D:5      | Reached * piety under Okawaru
  2817 | D:5      | Found a stormy altar of Qazlal.
  2829 | D:5      | Reached skill level 7 in Polearms
  2829 | D:5      | Reached XP level 7. HP: 49/52 MP: 7/7
  2846 | D:5      | Noticed Eustachio
  2991 | D:5      | Killed Eustachio
  3165 | D:5      | Found Qiuchi's Jewellery Shop.
  3185 | D:5      | Reached ** piety under Okawaru
  3504 | D:6      | Reached skill level 1 in Invocations
  3663 | D:6      | Reached skill level 8 in Polearms
  4031 | D:6      | Reached XP level 8. HP: 58/58 MP: 7/10
  4485 | D:7      | Reached skill level 5 in Invocations
  4581 | D:7      | Reached skill level 9 in Polearms
  4694 | D:7      | Reached *** piety under Okawaru
  5089 | D:7      | Gained mutation: You are mostly covered in large bone
                  | plates. (SH +6) [demonic ancestry]
  5089 | D:7      | Reached XP level 9. HP: 63/63 MP: 14/14
  5781 | D:8      | Noticed a +0 hand axe
  5782 | D:8      | Noticed a +0 hand axe
  5787 | D:8      | Found a hide-covered altar of Uskayaw.
  5850 | D:8      | Found a blossoming altar of Fedhas.
  5873 | D:8      | Noticed Psyche
  5880 | D:8      | Killed Psyche
  5881 | D:8      | Reached skill level 10 in Polearms
  5915 | D:8      | Found Tauf's General Store.
  5923 | D:8      | Bought a +2 scale mail of fire resistance for 231 gold
                  | pieces
  5923 | D:8      | Bought a scroll of enchant weapon for 82 gold pieces
  6244 | D:8      | Found Xuiki's Antique Weapon Shoppe.
  6300 | D:8      | Noticed Erica
  6305 | D:8      | Killed Erica
  6305 | D:8      | Reached **** piety under Okawaru
  6306 | D:8      | Reached skill level 10 in Invocations
  6320 | D:8      | Found Aluaggyedu's Antique Armour Shoppe.
  6898 | D:9      | Found a sacrificial altar of Ru.
  7106 | D:9      | Reached skill level 11 in Polearms
  7106 | D:9      | Gained mutation: You have hooves in place of feet. [demonic
                  | ancestry]
  7106 | D:9      | Reached XP level 10. HP: 58/70 MP: 16/18
  7830 | D:9      | Reached ***** piety under Okawaru
  7924 | D:9      | Identified the +4 bardiche of Conscience {vorpal, rPois
                  | Will+ Dex+2} (Okawaru gifted it to you on level 9 of the
                  | Dungeon)
  7924 | D:9      | Received a gift from Okawaru
  7984 | D:9      | Reached skill level 12 in Polearms
  8186 | D:9      | Found a staircase to the Orcish Mines.
  8260 | D:10     | Entered Level 10 of the Dungeon
  8384 | D:10     | Found an opulent altar of Gozag.
  8424 | D:10     | Noticed a death yak
  8424 | D:10     | Noticed a death yak
  8425 | D:10     | Found a staircase to the Lair.
  8426 | D:10     | Noticed a death yak
  8437 | D:10     | Killed a death yak
  8438 | D:10     | Reached XP level 11. HP: 49/75 MP: 14/21
  8442 | D:10     | Killed a death yak
  8446 | D:10     | Killed a death yak
  8710 | D:10     | Noticed Grum
  8720 | D:10     | Killed Grum
  8828 | D:10     | Found Norocy's Antique Armour Shoppe.
  8903 | D:10     | Noticed Harold
  8918 | D:10     | Killed Harold
  8918 | D:10     | Received a gift from Okawaru
  8919 | D:10     | Reached skill level 13 in Polearms
  9209 | D:10     | Identified 3 scrolls of acquirement
  9210 | D:10     | Acquired 942 gold pieces
  9212 | D:10     | Acquired 1085 gold pieces
  9215 | D:10     | Acquired a manual of Translocations
  9389 | D:10     | Reached skill level 15 in Invocations
  9559 | D:10     | Found a shimmering blue altar of Sif Muna.
 10037 | D:10     | Bought a brightly glowing plate armour for 756 gold pieces
 10037 | D:10     | Identified the +4 plate armour of the Will of the Gods {rC+
                  | Will+} (You bought it in a shop on level 10 of the Dungeon)
 10107 | D:11     | Noticed a green ugly thing
 10115 | D:11     | Killed a green ugly thing
 10292 | D:11     | Noticed a two-headed ogre
 10298 | D:11     | Killed a two-headed ogre
 10298 | D:11     | Identified the +5 broad axe of Gravity {vorpal, rF++ Int+2}
                  | (Okawaru gifted it to you on level 11 of the Dungeon)
 10298 | D:11     | Received a gift from Okawaru
 10907 | D:11     | Noticed a boulder beetle
 10927 | D:11     | Killed a boulder beetle
 10928 | D:11     | Gained mutation: You are partially covered in sharp spines.
                  | [demonic ancestry]
 10928 | D:11     | Reached XP level 12. HP: 58/81 MP: 23/23
 11163 | Lair:1   | Entered Level 1 of the Lair of Beasts
 12192 | Lair:1   | Reached skill level 14 in Polearms
 12201 | Lair:1   | Reached skill level 5 in Armour
 12548 | Lair:1   | Got the Handbook of Frostbitten Transmutation
 12856 | Lair:2   | Noticed a four-headed hydra
 12856 | Lair:2   | Noticed a death yak
 12856 | Lair:2   | Noticed a death yak
 12856 | Lair:2   | Noticed a death yak
 12864 | Lair:2   | Killed a death yak
 13319 | Lair:2   | Killed a four-headed hydra
 13489 | Lair:2   | Noticed a catoblepas
 13501 | Lair:2   | Killed a catoblepas
 13532 | Lair:2   | Killed a death yak
 13536 | Lair:2   | Killed a death yak
 14273 | Lair:3   | Noticed a boulder beetle
 14298 | Lair:3   | Killed a boulder beetle
 14303 | Lair:3   | Identified the +3 pair of gloves of the Wild Haggis {+Blink
                  | rC- rN+ Str+3} (Okawaru gifted it to you on level 3 of the
                  | Lair of Beasts)
 14303 | Lair:3   | Received a gift from Okawaru
 14679 | Lair:3   | Reached skill level 15 in Polearms
 14689 | Lair:3   | Found a staircase to the Snake Pit.
 14781 | Lair:3   | Identified the +1 robe "Tieball" {-Tele rC+ rN+ Dex+3}
 14852 | Lair:3   | Noticed a five-headed hydra
 14864 | Lair:3   | Killed a seven-headed hydra
 15369 | Lair:3   | Found a staircase to the Shoals.
 15385 | Lair:3   | Found a hide-covered altar of Uskayaw.
 15447 | Lair:3   | Reached XP level 13. HP: 71/86 MP: 25/25
 15632 | Lair:3   | Found an ornate altar of the Wu Jian Council.
 16264 | Lair:4   | Noticed Nessos
 17050 | Lair:4   | Identified the +1 robe of Egalitarianism {Will+} (Okawaru
                  | gifted it to you on level 4 of the Lair of Beasts)
 17050 | Lair:4   | Received a gift from Okawaru
 17418 | Lair:5   | Entered Level 5 of the Lair of Beasts
 17429 | Lair:5   | Reached skill level 16 in Polearms
 17931 | D:5      | Bought an amulet of regeneration for 420 gold pieces
 18170 | Lair:4   | Reached skill level 10 in Armour
 18510 | Lair:5   | Gained mutation: Your demonic aura sometimes causes spilled
                  | blood to erupt in flames. [demonic ancestry]
 18510 | Lair:5   | Reached XP level 14. HP: 91/93 MP: 26/26
 18601 | Lair:5   | Identified the +2 helmet of the Apprentice {rC- Str+6
                  | Int+3}
 18603 | Lair:5   | Identified the +6 hand axe of Irritation {vorpal, rElec
                  | Str+5 SInv}
 18699 | Lair:5   | Found a runed translucent door.
 18710 | Lair:5   | Found a viscous altar of Jiyva.
 18729 | Lair:5   | Found a runed translucent gate.
 18729 | Lair:5   | Found a runed translucent gate.
 18729 | Lair:5   | Found a runed translucent gate.
 18730 | Lair:5   | Noticed an acid blob
 18730 | Lair:5   | Noticed an acid blob
 18730 | Lair:5   | Noticed a rockslime
 18734 | Lair:5   | Noticed an azure jelly
 18735 | Lair:5   | Noticed an acid blob
 18736 | Lair:5   | Found a viscous altar of Jiyva.
 18736 | Lair:5   | Noticed an azure jelly
 18736 | Lair:5   | Noticed a quicksilver ooze
 18750 | Lair:5   | Noticed an acid blob
 18750 | Lair:5   | Noticed Stonecrops's ghost (journeyman DsGl)
 18770 | Lair:5   | Received a gift from Okawaru
 19053 | Lair:5   | Reached skill level 17 in Polearms
 19464 | Lair:5   | Found a staircase to the Slime Pits.
 20313 | D:12     | Received a gift from Okawaru
 20475 | D:13     | Found Pomaj's Weapon Boutique.
 20500 | D:13     | Found Uxiriw's Weapon Shoppe.
 20837 | D:13     | Found Ikutirgh's Assorted Antiques.
 20840 | D:13     | Bought a bloodstained glaive for 310 gold pieces
 20840 | D:13     | Identified the +1 glaive "Qyg Zipy" {elec, rPois Will+
                  | Int-4} (You bought it in a shop on level 13 of the Dungeon)
 20845 | D:13     | Bought a wooden ring for 135 gold pieces
 21123 | D:13     | Found a gate to the Vaults.
 21289 | D:13     | Found Fymecw's Weapon Emporium.
 21297 | D:13     | Bought a throwing net for 36 gold pieces
 21690 | D:14     | Reached skill level 18 in Polearms
 21701 | D:14     | Gained mutation: You are mostly covered in sharp spines.
                  | [demonic ancestry]
 21701 | D:14     | Reached XP level 15. HP: 98/98 MP: 27/27
 21943 | D:14     | Noticed an azure jelly
 21946 | D:14     | an azure jelly changed into a quicksilver dragon
 21946 | D:14     | Noticed a quicksilver dragon (glowing shapeshifter)
 21952 | D:14     | Killed a quicksilver dragon
 21985 | D:14     | Identified the +2 helmet of Emodin {rF++ Str-2 SInv Stlth+}
 22055 | D:14     | Identified the ring of Oxuredghen {Drain rElec Will+ Str+8}
 22700 | D:15     | Entered Level 15 of the Dungeon
 22963 | D:15     | Found Ecwoa's Assorted Antiques.
 22971 | D:15     | Bought a scroll of identify for 70 gold pieces
 22971 | D:15     | Bought a scroll of identify for 70 gold pieces
 22971 | D:15     | Bought a metallic blue potion for 31 gold pieces
 23148 | D:15     | Found a staircase to the Depths.
 24193 | Orc:1    | Entered Level 1 of the Orcish Mines
 24199 | Orc:1    | Identified the +2 robe of the Hurling Gods {*Slow Regen+
                  | rCorr SInv} (Okawaru gifted it to you on level 1 of the
                  | Orcish Mines)
 24199 | Orc:1    | Received a gift from Okawaru
 24381 | Orc:2    | Entered Level 2 of the Orcish Mines
 24493 | Orc:1    | Found Plog's Jewellery Shop.
 24493 | Orc:1    | You fall into a shaft and drop 1 floor!
 25008 | Orc:2    | Reached skill level 19 in Polearms
 25020 | Orc:2    | Found Caomogh's Antique Armour Shop.
 25052 | Orc:2    | Found Asalos's Jewellery Shop.
 25092 | Orc:2    | Found Gasog's General Store.
 25098 | Orc:2    | Bought a scroll of identify for 26 gold pieces
 25098 | Orc:2    | Bought 3 potions of resistance for 390 gold pieces
 25098 | Orc:2    | Bought a potion of curing for 39 gold pieces
 25112 | Orc:2    | Found Qitziuh's Antique Weapon Shop.
 25131 | Orc:2    | Found a staircase to the Elven Halls.
 25400 | Snake:1  | Entered Level 1 of the Snake Pit
 25406 | Snake:1  | Found Agokig's Distillery.
 25497 | Snake:1  | Noticed Aizul
 25514 | Snake:1  | Killed Aizul
 25795 | Snake:1  | Bought a potion of flight for 45 gold pieces
 25920 | Snake:1  | Noticed Mlioglotl
 25921 | Snake:1  | Noticed a bone dragon
 25937 | Snake:1  | Noticed a bone dragon
 26106 | Snake:2  | Reached skill level 5 in Fighting
 26192 | Snake:2  | Gained mutation: Your hexes are more powerful. [demonic
                  | ancestry]
 26192 | Snake:2  | Reached XP level 16. HP: 88/109 MP: 25/28
 26374 | Snake:2  | Found a snail-covered altar of Cheibriados.
 26458 | Snake:2  | Found Talong's Assorted Antiques.
 27070 | Snake:2  | Reached skill level 15 in Armour
 27745 | Snake:3  | Identified the ring "Tiedeowe" {Int+3 Dex+6 Stlth+}
 27995 | Snake:3  | Found a runed translucent gate.
 27995 | Snake:3  | Found a runed translucent gate.
 27995 | Snake:3  | Found a runed translucent gate.
 28246 | Snake:3  | Reached ****** piety under Okawaru
 28259 | Snake:3  | Noticed Vashnia
 28314 | Snake:3  | Killed Vashnia
 28336 | Snake:3  | Received a gift from Okawaru
 28677 | Snake:3  | Found Doikeinu's General Store.
 28969 | Snake:1  | Killed Mlioglotl
 29235 | Orc:2    | Bought the +5 glaive of the Guard {elec, spectral, AC+5}
                  | for 2006 gold pieces
 29235 | Orc:2    | Found the +5 glaive of the Guard {elec, spectral, AC+5}
 29606 | Snake:3  | Reached skill level 20 in Polearms
 29619 | Snake:3  | Reached XP level 17. HP: 108/124 MP: 24/29
 29696 | Snake:4  | Entered Level 4 of the Snake Pit
 30009 | Snake:4  | Identified the +0 helmet "Hetrerus" {Str+4} (Okawaru gifted
                  | it to you on level 4 of the Snake Pit)
 30009 | Snake:4  | Received a gift from Okawaru
 30285 | Snake:4  | Reached skill level 10 in Fighting
 30502 | Snake:4  | Got a serpentine rune of Zot
 30631 | Snake:4  | Received a gift from Okawaru
 31073 | Shoals:1 | Entered Level 1 of the Shoals
 31146 | Shoals:1 | Reached XP level 18. HP: 94/138 MP: 30/30
 31396 | Shoals:1 | Found a runed translucent door.
 31397 | Shoals:1 | Noticed Soborki's ghost (adept MiBe)
 31444 | Shoals:1 | Killed Soborki's ghost
 31447 | Shoals:1 | Identified the ring "Mefierik" {Contam Fly rF+ rCorr Dex+8}
 31627 | Shoals:1 | Found Nor Cosh's Armour Emporium.
 31854 | Shoals:1 | Reached skill level 21 in Polearms
 32117 | Shoals:2 | Noticed Polyphemus
 32131 | Shoals:2 | Killed Polyphemus
 32182 | Shoals:2 | Identified the +1 ring mail of Protective Custody {Dex+4}
 32289 | Shoals:2 | Received a gift from Okawaru
 32389 | Shoals:2 | Noticed Jorgrun
 32405 | Shoals:2 | Killed Jorgrun
 32439 | Shoals:2 | Identified the +8 flail "Dogoeddo" {pain, rF+ rC+ rCorr
                  | Str+2}
 32965 | Shoals:3 | Identified the amulet "Kojaotyt" {Acrobat rF+ Str+4}
 33045 | Shoals:3 | Noticed Ilsuiw
 33063 | Shoals:3 | Killed Ilsuiw
 33063 | Shoals:3 | Identified the +4 glaive of the Shore {antimagic, Will+
                  | rCorr Int+8} (Okawaru gifted it to you on level 3 of the
                  | Shoals)
 33063 | Shoals:3 | Received a gift from Okawaru
 33767 | Shoals:4 | Entered Level 4 of the Shoals
 33962 | Shoals:4 | Gained mutation: Your demonic aura often causes spilled
                  | blood to erupt in flames. [demonic ancestry]
 33962 | Shoals:4 | Reached XP level 19. HP: 124/149 MP: 31/31
 34084 | Shoals:4 | Paralysed by a sphinx for 5 turns
 34167 | Shoals:4 | Identified the +6 chain mail of the Arcane {*Corrode rPois
                  | SInv} (Okawaru gifted it to you on level 4 of the Shoals)
 34167 | Shoals:4 | Received a gift from Okawaru
 34484 | Shoals:4 | Got a barnacled rune of Zot
 34848 | Vaults:1 | Entered Level 1 of the Vaults
 34897 | Vaults:1 | Found Rint's Armour Emporium.
 35405 | Vaults:1 | Found Utueluf's Jewellery Boutique.
 35482 | Vaults:1 | Found a portal to a secret trove of treasure.
 35512 | Trove    | Entered a treasure trove
 35592 | Trove    | Gained mutation: Your melee attacks may debilitate your
                  | foes. [demonic ancestry]
 35592 | Trove    | Reached XP level 20. HP: 158/158 MP: 32/32
 35761 | Vaults:1 | Found Keps's Antique Armour Boutique.
 35803 | Vaults:1 | Reached skill level 22 in Polearms
 35803 | Vaults:1 | Found Leoconew's Assorted Antiques.
 36747 | Vaults:2 | Found a staircase to the Crypt.
 36747 | Vaults:2 | Found a basalt altar of Yredelemnul.
 36747 | Vaults:2 | Found an ancient bone altar of Kikubaaqudgha.
 37755 | Vaults:3 | Reached skill level 15 in Fighting
 37868 | Vaults:3 | Gained mutation: You are completely covered in large bone
                  | plates. (SH +8) [demonic ancestry]
 37868 | Vaults:3 | Reached XP level 21. HP: 166/168 MP: 33/33
 37951 | Vaults:3 | Found Deukie's General Store.
 38138 | Vaults:3 | Received a gift from Okawaru
 38583 | Vaults:3 | Identified the ring of Wibbos {AC+4 Int+4 SInv}
 39420 | Vaults:4 | Reached skill level 23 in Polearms
 39680 | Vaults:4 | Identified the +10 demon trident of Duty {venom, rN+ Str+5}
                  | (Okawaru gifted it to you on level 4 of the Vaults)
 39680 | Vaults:4 | Received a gift from Okawaru
 40736 | Elf:1    | Entered Level 1 of the Elven Halls
 40736 | Elf:1    | Found the +0 mask of the Dragon {Will+ Slay+3 SInv}
 40782 | Elf:1    | Reached skill level 1 in Spellcasting
 40862 | Elf:1    | Paralysed by an air elemental for 1 turns
 40950 | Elf:1    | Reached XP level 22. HP: 180/180 MP: 34/34
 41125 | Elf:1    | Paralysed by an air elemental for 1 turns
 41399 | Elf:1    | Received a gift from Okawaru
 41826 | Elf:2    | Paralysed by an air elemental for 1 turns
 42009 | Elf:2    | Paralysed by an air elemental for 1 turns
 42238 | Elf:2    | Learned a level 2 spell: Wereblood
 42277 | Elf:2    | Found a runed translucent gate.
 42277 | Elf:2    | Found a runed translucent gate.
 42277 | Elf:2    | Found a runed translucent gate.
 42306 | Elf:2    | Reached skill level 1 in Translocations
 42465 | Elf:2    | Reached skill level 5 in Spellcasting
 42747 | Elf:3    | Entered Level 3 of the Elven Halls
 42769 | Elf:3    | Found Cunyh's Book Shop.
 42813 | Elf:3    | Found a frozen archway.
 42822 | IceCv    | Entered an ice cave
 43002 | IceCv    | Identified the ring of Ybupt {rC+ EV+4 Str+5}
 43625 | Elf:3    | Reached skill level 5 in Translocations
 44109 | Elf:3    | Identified the +1 plate armour of the Bull {Stlth+}
                  | (Okawaru gifted it to you on level 3 of the Elven Halls)
 44109 | Elf:3    | Received a gift from Okawaru
 44227 | Elf:3    | Identified the +2 falchion "Gikagagh" {speed, Str+4}
 44245 | Elf:3    | Identified the ring of Rynamaw {EV+4 Dex+6}
 44338 | Elf:3    | Got the Vellum of Dislocation and the Oath
 44341 | Elf:3    | Got the Anthology of the Mausoleum and Attendants
 44445 | Elf:3    | Identified the +3 executioner's axe "Dudun" {vorpal, rC-
                  | rCorr Dex+4}
 44489 | Elf:3    | Identified the +8 chain mail of Komacves {rElec}
 44498 | Elf:3    | Identified the ring "Fiydauth" {rPois rF+ rC+}
 45019 | Depths:1 | Entered Level 1 of the Depths
 45019 | Depths:1 | Found a gateway to Hell.
 45036 | Depths:1 | Reached skill level 1 in Transmutations
 45047 | Depths:1 | Gained mutation: Your demonic aura causes all spilled blood
                  | to erupt in flames. [demonic ancestry]
 45047 | Depths:1 | Reached XP level 23. HP: 190/190 MP: 31/35
 45115 | Depths:1 | Found Niseh's Magic Scroll Shop.
 45146 | Depths:1 | Bought a scroll of teleportation for 45 gold pieces
 45151 | Depths:1 | Found a one-way gateway to a ziggurat.
 45576 | Depths:2 | Found Uciz's Magic Scroll Shop.
 45626 | Depths:2 | Bought a scroll of teleportation for 72 gold pieces
 45626 | Depths:2 | Bought a scroll of teleportation for 72 gold pieces
 45641 | Depths:2 | Found a runed translucent gate.
 45642 | Depths:2 | Found a runed translucent gate.
 45648 | Depths:2 | Found an opulent altar of Gozag.
 45656 | Depths:2 | Found a runed translucent gate.
 45661 | Depths:2 | Noticed Vv
 45662 | Depths:2 | Found Uriaqumo's Assorted Antiques.
 45662 | Depths:2 | Noticed Osuen's ghost (master MfGl)
 45667 | Depths:2 | Found Gurahur's Assorted Antiques.
 45680 | Depths:2 | Killed Vv
 45929 | Depths:2 | Found a one-way gate leading to the halls of Pandemonium.
 46416 | Depths:2 | Found a runed translucent gate.
 46416 | Depths:2 | Found a runed translucent gate.
 46416 | Depths:2 | Found a runed translucent gate.
 46416 | Depths:2 | Noticed Bisiv's ghost (adept DjCj)
 46418 | Depths:2 | Found a basalt altar of Yredelemnul.
 46440 | Depths:2 | Killed Bisiv's ghost
 46617 | Depths:2 | Killed Osuen's ghost
 46824 | Depths:3 | Received a gift from Okawaru
 46841 | Depths:3 | Found a one-way gate to the infinite horrors of the Abyss.
 46841 | Depths:3 | Noticed Louise
 46848 | Depths:3 | Killed Louise
 47033 | Depths:3 | Reached skill level 5 in Transmutations
 47184 | Depths:3 | Found the +8 orange crystal plate armour {Archmagi, Int+3
                  | Clar}
 48296 | Depths:2 | Noticed a royal mummy
 48328 | Depths:2 | Killed a royal mummy
 48328 | Depths:2 | Identified the +1 ring mail "Jaroch" {*Corrode +Inv rF+
                  | Str+2} (Okawaru gifted it to you on level 2 of the Depths)
 48328 | Depths:2 | Received a gift from Okawaru
 48382 | Depths:2 | Noticed a royal mummy
 48391 | Depths:2 | Killed a royal mummy
 48392 | Depths:2 | Gained mutation: You are completely covered in sharp
                  | spines. [demonic ancestry]
 48392 | Depths:2 | Reached XP level 24. HP: 201/201 MP: 36/36
 48405 | Depths:2 | Noticed a royal mummy
 48419 | Depths:2 | Killed a royal mummy
 48665 | Depths:2 | Noticed a royal mummy
 48675 | Depths:2 | Killed a royal mummy
 48880 | Depths:4 | Entered Level 4 of the Depths
 49026 | Depths:4 | Reached skill level 10 in Spellcasting
 49032 | Depths:4 | Found a sacrificial altar of Ru.
 49034 | Depths:4 | Found an opulent altar of Gozag.
 49073 | Depths:4 | Noticed Margery
 49089 | Depths:4 | Killed Margery
 49121 | Depths:4 | Noticed Sojobo
 49137 | Depths:4 | Killed Sojobo
 49151 | Depths:4 | Noticed Frederick
 49159 | Depths:4 | Killed Frederick
 49203 | Depths:4 | Found a gate to the Realm of Zot.
 49444 | Depths:4 | Identified the +9 rapier "Hashobb" {vorpal, rC+ Str+6}
                  | (Okawaru gifted it to you on level 4 of the Depths)
 49444 | Depths:4 | Received a gift from Okawaru
 49509 | Depths:4 | Paralysed by a floating eye for 4 turns
 49571 | Depths:4 | Identified the +5 leather armour of Giedac {*Corrode rF+++
                  | rC+ Stlth+}
 49936 | Depths:4 | Received a gift from Okawaru
 50432 | Vaults:5 | Entered Level 5 of the Vaults
 50560 | Vaults:5 | Reached skill level 10 in Transmutations
 50583 | Vaults:5 | Reached XP level 25. HP: 121/212 MP: 39/39
 50958 | Vaults:5 | Noticed an ancient lich
 50965 | Vaults:5 | Killed an ancient lich
 51021 | Vaults:5 | Identified the +0 ring mail "Post" {Drain Int+3 Stlth+}
 51045 | Vaults:5 | Noticed a dread lich
 51052 | Vaults:5 | Noticed Jory
 51062 | Vaults:5 | Killed a dread lich
 51072 | Vaults:5 | Killed Jory
 51137 | Vaults:5 | Received a gift from Okawaru
 51403 | Vaults:5 | Identified the +1 robe "Tyleyki" {Fly rPois}
 51489 | Vaults:5 | Identified the +4 quarterstaff "Ocioq" {spect, Int+6}
 51684 | Vaults:5 | Identified the +5 war axe of Uxzoapin {drain, rElec}
 51685 | Vaults:5 | Identified the +0 ring mail of Responsibility {rPois}
 51852 | Vaults:5 | Found the +5 demon whip "Spellbinder" {antimagic, Will+}
 52053 | Vaults:5 | Got a silver rune of Zot
 52310 | Crypt:1  | Entered Level 1 of the Crypt
 52325 | Crypt:1  | Noticed Mennas
 52354 | Crypt:1  | Killed Mennas
 52483 | Crypt:1  | Identified the amulet of the City {Acrobat rF+}
 52636 | Crypt:1  | You fall into a shaft and drop 1 floor!
 53264 | Crypt:3  | Entered Level 3 of the Crypt
 53270 | Crypt:3  | Reached XP level 26. HP: 224/224 MP: 41/41
 53287 | Crypt:3  | Noticed Boris
 53297 | Crypt:3  | Killed Boris
 53488 | Crypt:3  | Identified the +0 buckler "Guagh" {Rampage} (Okawaru gifted
                  | it to you on level 3 of the Crypt)
 53488 | Crypt:3  | Received a gift from Okawaru
 53850 | Crypt:3  | Reached skill level 15 in Spellcasting
 53997 | Crypt:3  | Found a basalt altar of Yredelemnul.
 53997 | Crypt:3  | Found an ancient bone altar of Kikubaaqudgha.
 54028 | Crypt:3  | Got the Papyrus of Evil Deeds
 54030 | Crypt:3  | Identified the ring of Zewoqex {rC+ rN+ Str+5}
 54030 | Crypt:3  | Identified the ring of Laworaby {rN+ Dex+4 Stlth+}
 54108 | Crypt:3  | Found the +2 shield of Resistance {rF++ rC++ Will++}
 54115 | Crypt:3  | Identified the +4 broad axe of the Fool {vamp, rPois rF+++
                  | rCorr Int-2}
 54131 | Crypt:3  | Learned a level 8 spell: Necromutation
 54192 | Crypt:3  | Found a staircase to the Tomb.
 54825 | Zot:1    | Entered Level 1 of the Realm of Zot
 55059 | Zot:1    | Reached skill level 1 in Necromancy
 55957 | Zot:2    | Reached skill level 5 in Necromancy
 56034 | Zot:2    | Identified the +5 chain mail "Feloh" {Will+ Dex+3} (Okawaru
                  | gifted it to you on level 2 of the Realm of Zot)
 56034 | Zot:2    | Received a gift from Okawaru
 56647 | Zot:3    | Reached skill level 15 in Transmutations
 56728 | Zot:3    | Gained mutation: You are surrounded by an aura of silence.
                  | [demonic ancestry]
 56728 | Zot:3    | Reached XP level 27. HP: 233/233 MP: 43/43
 57229 | Zot:4    | Noticed an orb of fire
 57231 | Zot:4    | Gained mutation: You are weak. (Str -2) [an orb of fire]
 57256 | Zot:4    | Killed an orb of fire
 57271 | Zot:4    | Reached skill level 10 in Necromancy
 57488 | Zot:4    | Identified the +1 scale mail "Koissuk" {-Tele rN+ Dex+5}
                  | (Okawaru gifted it to you on level 4 of the Realm of Zot)
 57488 | Zot:4    | Received a gift from Okawaru
 58022 | Zot:4    | Found a large runed translucent door.
 58022 | Zot:4    | Found a large runed translucent door.
 58025 | Zot:4    | Noticed Iryommi's ghost (legendary KoDe)
 58164 | Zot:4    | Killed Iryommi's ghost
 58215 | Zot:5    | Entered Level 5 of the Realm of Zot
 58871 | Zig:1    | Entered Level 1 of a ziggurat
 58893 | Zig:2    | Entered Level 2 of a ziggurat
 58918 | Zig:3    | Entered Level 3 of a ziggurat
 58921 | Zig:3    | Noticed a dread lich
 58936 | Zig:3    | Killed a dread lich
 58962 | Zig:4    | Entered Level 4 of a ziggurat
 59006 | Zig:5    | Entered Level 5 of a ziggurat
 59052 | Zig:6    | Entered Level 6 of a ziggurat
 59092 | Zig:6    | Identified the +3 short sword of Aluacur {antimagic, *Noise
                  | Int+2 Dex+2}
 59102 | Zig:7    | Entered Level 7 of a ziggurat
 59107 | Zig:7    | Found the +4 moon troll leather armour {Spirit, Regen++
                  | MP+5}
 59138 | Zig:7    | Identified the ring "Neun" {rElec rPois rF- rCorr Stlth+}
 59144 | Zig:7    | Identified the +8 sling of Toishrol {vorpal, +Blink Int+4
                  | Dex-4}
 59150 | Zig:7    | Identified the ring "Luseot" {rCorr MP+9 Str+7}
 59163 | Zig:8    | Entered Level 8 of a ziggurat
 59171 | Zig:8    | Noticed a juggernaut
 59171 | Zig:8    | Noticed a juggernaut
 59171 | Zig:8    | Noticed a juggernaut
 59183 | Zig:8    | Killed a juggernaut
 59199 | Zig:8    | Killed a juggernaut
 59202 | Zig:8    | Killed a juggernaut
 59312 | Zig:9    | Entered Level 9 of a ziggurat
 59328 | Zig:9    | Received a gift from Okawaru
 59358 | Zig:9    | Identified the ring "Qixkahi" {Ice Str+4}
 59369 | Zig:10   | Entered Level 10 of a ziggurat
 59385 | Zig:10   | Killed from afar by a hellion

Illustrated notes

Levels and vault maps discovered:
D:1:      matt_arrival_spirals, layout_rooms,
          hellmonk_ecumenical_altar_arch_garden, minmay_misc_feat_columns
D:2:      layout_basic, uniq_sigmund, uniq_jessica
D:3:      minmay_wonky_spiral, layout_rooms, lemuel_doored_altar,
          mainiacjoe_overflow_chevrons
D:4:      layout_cave_pools, minmay_temple_entry_butterflies, uniq_robin
D:5:      layout_cave_pools, lemuel_tele_altar, serial_shops, shop_fountains,
          uniq_eustachio
D:6:      layout_loops_cross
D:7:      layout_basic
D:8:      layout_basic, dancing_weapons_uskayaw,
          mainiacjoe_overflow_cross_hatched, mainiacjoe_overflow_24_doors,
          serial_shops, nicolae_square_shop, shop_statue, shop, uniq_erica,
          uniq_psyche
D:9:      layout_roguey, hangedman_ru_absence, david_orc_4, eino_tiny_chamber,
          hangedman_decor_peaks_small
D:10:     layout_loops_ring, mainiacjoe_overflow_alcove_4, led_sif_pool,
          mainiacjoe_overflow_alcove_1, dpeg_lair_monsters,
          nicolae_take_the_stairs, minivault_14, uniq_harold, uniq_grum
D:11:     layout_gridville
D:12:     layout_loops_ring, grunt_decor_junction
D:13:     layout_rooms, grunt_vaults_entry_tiered, serial_shops, shop,
          nicolae_shop_statue_plus, nicolae_shop_statue_plus, kennysheep_mini,
          minmay_fractal_squares_diagonal_5
D:14:     minmay_shrinking_squares, layout_layer_cave, hangedman_decor_opposing
D:15:     grunt_enter_depths_magical_seal, layout_layer_cave,
          grunt_decor_fettered, serial_shops, nicolae_shop_overgrown_old_shop
Temple:   minmay_temple_bridge_abc
Lair:1:   layout_cave_pods, st_stairs_13, worms_lemuel
Lair:2:   layout_cave_pods, minivault_19
Lair:3:   wad_woods_minihive, layout_regular_city, shoals_dummy_entry,
          guppyfry_snake_entry_garden, chequers_serial_rivers_micro_e,
          nzn_masters_of_martial_movement
Lair:4:   layout_hall_layers, minmay_lair_drake_nest, uniq_nessos
Lair:5:   evilmike_catoblepas_cave, layout_gridlike, slime_entry_2,
          gammafunk_ghost_ooze
Shoals:1: layout_shoals, serial_shops, nicolae_shop_crystal,
          gammafunk_ghost_grave, st_sunken_temple
Shoals:2: layout_shoals, uniq_jorgrun, uniq_polyphemus
Shoals:3: nzn_motion_control, layout_shoals, uniq_ilsuiw
Shoals:4: shoals_end_hellmonk_lost_city
Snake:1:  layout_misc_corridors, serial_shops, shop_statue, lemuel_fruit_tree,
          serial_bayou_shore_a, uniq_aizul, uniq_mlioglotl, uniq_roxanne
Snake:2:  hangedman_cross_veins, layout_chambers, basic_altar, serial_shops,
          nicolae_shop_behind_doors, st_stairs_3
Snake:3:  layout_onion_interference, serial_shops, nicolae_square_shop,
          library_closet, nicolae_snake_horde_hoard, grunt_megastairs_2,
          uniq_vashnia
Snake:4:  grunt_snake_rune_pools, layout_cave_town
Orc:1:    layout_diamond_mine, serial_shops, shop
Orc:2:    grunt_orc_cross, layout_caves
Elf:1:    layout_geoelf_octagon, hangedman_elven_crosses_minicolossus,
          minmay_checkered_concentric_circles
Elf:2:    nicolae_elf_blades_splatter_lattice
          [nicolae_blade_entry_hurt_lockers], layout_geoelf_octagon
Elf:3:    grunt_elf_hall_branching, layout_geoelf_castle, serial_shops,
          nicolae_diamond_shop, portal_ice_cave_entry_pillars_three,
          nrook_mini_backslash
Vaults:1: v_alt_pattern_2, nicolae_vaults_puzzle_piece, vaults_room_door_hall,
          vaults_mumra_minichess_inversion, st_lattice,
          vaults_dpeg_encased_lava, v_rooms_6, hangedman_vaults_maws,
          ontoclasm_vaults_pinch, layout_vaults_ring, enter_trove_0,
          serial_shops, shop_fountains, nicolae_shop_waterfront, shop, shop
Vaults:2: v_misc_4, minmay_crypt_entry_necro_gods, hangedman_vaults_cutoff,
          nicolae_vaults_network_s, v_misc_1, ontoclasm_vaults_spin, v_misc_30,
          ontoclasm_vaults_loading_screen, nicolae_vaults_little_squares_2,
          layout_vaults_chaotic_city
Vaults:3: vaults_room_door_hall, v_misc_5, hangedman_vaults_slither,
          nicolae_vaults_little_squares_2, nicolae_vaults_ring_of_whatevers,
          v_misc_26, grunt_vaults_bifocal, hangedman_vaults_river_flow,
          v_pattern_4, nicolae_vaults_little_squares_2,
          vaults_room_stairs_pillars, layout_vaults_omnicross, serial_shops,
          nicolae_shop_temple_entry_statues_fountains
Vaults:4: st_star, v_rooms_5, nicolae_vaults_network_barrier, vaults_room_boxed,
          v_alt_pattern_1, hangedman_vaults_locks, vaults_mumra_chevron_long,
          v_misc_11, nicolae_vaults_circle_grid_b, v_alt_pattern_3,
          ontoclasm_vaults_loading_screen, nicolae_vaults_border_crossing,
          nicolae_vaults_little_squares_2, grunt_vaults_focal,
          nicolae_vaults_shelves_hall, vaults_room_semicircle,
          nicolae_vaults_circle_grid_b, nicolae_vaults_angled_halls,
          layout_vaults_maze
Vaults:5: uniq_jory
Crypt:1:  layout_regular_city, st_stairs_14, uniq_mennas
Crypt:2:  layout_gridlike
Crypt:3:  lightli_unholy_cathedral, layout_chaotic_city,
          tomb_entry_simple_bobbens, chequers_hall_statues_corner_a, uniq_boris
Depths:1: layout_cave_pools, enter_ziggurat_e, minmay_misc_feat_enclosed,
          hell_entry, serial_shops, shop, kennysheep_kite_vault
Depths:2: ragdoll_tomb_raider, layout_small_grid, hellmouth_1, pan_entry,
          roderic_lattice_a, serial_shops, shop, ebering_ghost_gozag,
          nicolae_yredelemnul_ghost_church, uniq_vv
Depths:3: minmay_big_diamond_grid, layout_basic, nicolae_water_bricks,
          nicolae_abyss_entry_one_way_or_another, hell_entry,
          rand_demon_pan_entry_5, kennysheep_underground_church,
          infiniplex_staircase_zigzag_4, serial_bayou_shore_b
Depths:4: hangedman_slaughterboxes, abyss_entry, hell_entry, uniq_frederick,
          uniq_margery, uniq_sojobo
Zot:1:    layout_onion_interference
Zot:2:    layout_gridlike
Zot:3:    layout_cellular_growth
Zot:4:    layout_misc_corridors, ebering_ghost_disaster_area,
          guppyfry_library_mini
Zot:5:    layout_basic, drop_trap, lemuel_baited_zot_trap
Zig:10

Skill      XL: |  1  2  3  4  5  6  7  8  9 10 11 12 13 14 15 16 17 18 19 20 21 22 23 24 25 26 27 |
---------------+----------------------------------------------------------------------------------+-----
Polearms       | 2 3 4 6 7 8 9 11 12 13 15 16 18 19 20 21 22 23 | 23.3
Invocations    | 3 7 10 13 15 16 | 16.0
Armour         | 4 7 10 13 14 15 17 18 19 20 21 22 | 22.0
Fighting       | 5 8 11 13 15 16 18 19 20 22 | 22.6
Dodging        | 4 |  4.2
Spellcasting   | 1 6 9 12 14 16 | 16.0
Translocations | 6 |  6.8
Transmutations | 1 6 10 12 15 18 | 18.0
Necromancy     | 8 14 | 14.4
Shields        | |  2.6

Action                   |  1- 3 |  4- 6 |  7- 9 | 10-12 | 13-15 | 16-18 | 19-21 | 22-24 | 25-27 || total
-------------------------+-------+-------+-------+-------+-------+-------+-------+-------+-------++-------
Melee: Trident           |    93 |   125 |   350 |       |       |       |       |       |       ||   568
       Kick              |     7 |    29 |    98 |   166 |   310 |   165 |   204 |   301 |   461 ||  1741
       Spear             |       |       |    26 |   165 |    15 |       |       |       |       ||   206
       Bardiche          |       |       |       |   466 |  1002 |   353 |       |       |       ||  1821
       Punch             |       |       |       |     1 |     1 |       |       |       |       ||     2
       Glaive            |       |       |       |       |       |   674 |   720 |  1211 |  1362 ||  3967
 Fire: Sling             |       |     1 |       |       |       |       |       |       |       ||     1
 Cast: Wereblood         |       |       |       |       |       |       |       |     2 |    23 ||    25
Invok: Heroism           |       |       |    13 |    30 |    41 |    44 |    17 |    43 |    37 ||   225
       Finesse           |       |       |       |     5 |    14 |    24 |     3 |    23 |    27 ||    96
Evoke: Wand              |       |       |     5 |     3 |     1 |       |       |     6 |       ||    15
       Phial of floods   |       |       |       |       |       |     2 |       |       |       ||     2
  Use: Potion            |       |     1 |       |     2 |     1 |     1 |     3 |       |     4 ||    12
       Scroll            |       |     4 |     3 |     9 |    10 |    13 |       |    10 |    20 ||    69
 Stab: Distracted        |       |       |       |     1 |       |    12 |    14 |    27 |    33 ||    87
       Petrifying        |       |       |       |       |       |     1 |       |       |       ||     1
Armor: Scale mail        |    14 |       |    29 |    76 |       |       |       |       |       ||   119
       Chain mail        |    11 |    48 |    88 |       |       |       |       |       |       ||   147
       Plate armour      |       |       |       |   214 |   391 |   316 |   198 |   179 |       ||  1298
       Crystal plate arm |       |       |       |       |       |       |       |   120 |       ||   120
       Gold dragon scale |       |       |       |       |       |       |       |    12 |   488 ||   500
Dodge: Dodged            |    16 |    26 |    76 |   168 |   221 |   188 |   140 |   178 |   266 ||  1279
Block: Buckler           |    21 |    54 |   122 |    37 |       |       |       |       |       ||   234
       Other             |       |       |       |   108 |   141 |   126 |    93 |   111 |   163 ||   742

Table legend: (Time is in decaauts)
 A = Elapsed time spent in this place.
 B = Non-inter-level travel time spent in this place.
 C = Inter-level travel time spent in this place.
 D = Time resting spent in this place.
 E = Time spent auto-exploring this place.
 F = Levels seen in this place.
 G = Mean time per level.
                   A        B        C        D        E       F      G
               +--------+--------+--------+--------+--------+-----+--------+
         Total |  57326 |  51476 |   5850 |   8066 |  32645 |  63 |  909.9 |
       Dungeon |  16852 |  14466 |   2386 |   2344 |   9666 |  15 | 1123.5 |
        Temple |    129 |    104 |     25 |      0 |     73 |   1 |  129.0 |
          Lair |   8340 |   7492 |    848 |   2037 |   4480 |   5 | 1668.0 |
        Shoals |   3594 |   3391 |    203 |    643 |   1828 |   4 |  898.5 |
     Snake Pit |   4797 |   4542 |    255 |   1024 |   2524 |   4 | 1199.2 |
  Orcish Mines |   1254 |    880 |    374 |     11 |    666 |   2 |  627.0 |
   Elven Halls |   3403 |   3146 |    257 |    257 |   2086 |   3 | 1134.3 |
        Vaults |   7171 |   6594 |    577 |    547 |   4566 |   5 | 1434.2 |
         Crypt |   2020 |   1921 |     99 |    100 |   1299 |   3 |  673.3 |
        Depths |   5088 |   4491 |    597 |    651 |   2720 |   4 | 1272.0 |
           Zot |   3647 |   3425 |    222 |    214 |   2485 |   5 |  729.4 |
      Ziggurat |    424 |    424 |      0 |     69 |      0 |  10 |   42.4 |
         Trove |    199 |    199 |      0 |    100 |     71 |   1 |  199.0 |
      Ice Cave |    403 |    403 |      0 |     67 |    179 |   1 |  403.0 |
               +--------+--------+--------+--------+--------+-----+--------+

Top non-repeatable levels by time:
  Lair:3: 2126 daAuts
    D:10: 2104 daAuts
  Lair:1: 1955 daAuts
Depths:2: 1950 daAuts
     D:9: 1903 daAuts
Vaults:5: 1579 daAuts
 Snake:2: 1561 daAuts
  Lair:5: 1535 daAuts
Vaults:4: 1507 daAuts
    D:15: 1503 daAuts
Vaults:2: 1499 daAuts
   Elf:3: 1461 daAuts
    D:14: 1411 daAuts
  Lair:4: 1405 daAuts
 Snake:3: 1384 daAuts
